AoeStats
← gam

Baltic

510626935Analyzed
2v2 RM · 18h ago on Oct 1, 2026· 64m 24s· 4 players
Game mode
Random Map
Map size
Medium (4 player)
Population
200
Speed
Normal
Resources
Standard
Victory
Conquest
Starting age
Dark Age
Ending age
Imperial Age
RankedLock teamsTeams togetherTeam positionsShared explorationLock speedFull tech treeHidden civsTurbo modeCheats
Victory
Defeat
🇬🇧 Varangians · United Kingdom
1052
+15
🇨🇿 Turks · Czechia
1046
+15
🇭🇺 Italians · Hungary
1121
-19
🇭🇺 Bohemians · Hungary
938
-11
unyagyu_QT
3:47 Loom
12:24 Feudal Age
12:30 Man-at-Arms
13:37 Double-Bit Axe
14:53 Fletching
17:05 Padded Archer Armor
26:35 Castle Age
25:18 Gold Mining
25:53 Scale Mail Armor
26:04 Forging
26:58 Stone Mining
28:13 Medium Warships
29:05 Fishing Lines
32:00 Stone Shaft Mining
35:17 Wheelbarrow
34:28 Town Watch
38:08 Bow Saw
38:16 Town Patrol
44:02 Imperial Age
41:22 Horse Collar
42:45 Ballistics
44:19 Bodkin Arrow
45:22 Conscription
50:03 Hand Cart
51:02 Chemistry
58:51 Bracer
59:06 Leather Archer Armor
59:55 Squires
59:40 Pikeman
63:10 Chain Mail Armor
gam
8:47 Loom
11:42 Feudal Age
17:33 Castle Age
18:07 Pikeman
18:55 Squires
20:05 Double-Bit Axe
22:12 Horse Collar
23:46 Scale Mail Armor
25:59 Chemistry
25:27 Bow Saw
26:40 Heavy Plow
26:57 Murder Holes
32:24 Ballistics
34:30 Padded Archer Armor
39:33 Imperial Age
41:15 Conscription
44:13 Houfnice
46:27 Leather Archer Armor
46:43 Elite Hussite Wagon
47:32 Wagenburg Tactics
53:14 Ring Archer Armor
GamePal
1:11 Loom
1:43 Loom
14:26 Feudal Age
17:29 Double-Bit Axe
24:28 Fishing Lines
27:09 Castle Age
25:18 Horse Collar
25:30 Gold Mining
27:06 Stone Mining
29:20 Medium Warships
34:18 Fletching
34:29 Padded Archer Armor
38:55 Gillnets
39:48 Wheelbarrow
38:59 Town Watch
40:12 Bodkin Arrow
41:17 Heavy Plow
45:07 Imperial Age
43:26 Ballistics
42:46 Treadmill Crane
43:10 Husbandry
43:21 Bloodlines
43:05 Light Cavalry
44:22 Forging
45:03 Scale Barding Armor
45:57 Masonry
45:52 Bracer
46:21 Heavy Warships
48:17 Stone Shaft Mining
48:07 Hand Cart
48:45 Hussar
50:06 Leather Archer Armor
52:52 Iron Casting
55:51 Blast Furnace
55:11 Chain Barding Armor
55:20 Illumination
55:30 Theocracy
54:45 Elite Skirmisher
56:20 Ring Archer Armor
56:43 Elite Jarl
60:04 Chain Barding Armor
60:25 Conscription
60:40 Scale Mail Armor
64:09 Gothikon
BulldokCZE
7:37 Loom
10:18 Feudal Age
11:48 Gold Mining
11:48 Loom
13:08 Double-Bit Axe
18:08 Fishing Lines
18:39 Horse Collar
24:05 Castle Age
23:41 Stone Mining
24:55 Gillnets
25:23 Bow Saw
25:15 Heavy Plow
28:35 Padded Archer Armor
28:45 Forging
28:27 Fletching
30:56 Gold Shaft Mining
32:45 Treadmill Crane
33:01 Murder Holes
33:26 Bodkin Arrow
33:48 Leather Archer Armor
40:01 Wheelbarrow
43:44 Imperial Age
41:21 Squires
41:07 Arson
41:44 Heated Shot
42:07 Fortified Wall
45:12 Conscription
44:57 Artillery
46:50 Bloodlines
46:41 Husbandry
48:18 Ring Archer Armor
47:49 Bracer
48:24 Iron Casting
47:56 Scale Barding Armor
47:52 Scale Mail Armor
48:15 Ballistics
49:48 Elite Janissary
61:47 Two-Man Saw
63:15 Blast Furnace
62:36 Chain Barding Armor
62:32 Chain Mail Armor
63:01 Thumb Ring
Connection lost

Rejoining the realm…

Still unreachable

The connection could not be restored.

Session expired

The server has moved on; the page needs a fresh start.